 Dungeon Crawl Stone Soup version 0.29-a0-322-g68df515428 (webtiles) character file.

Game seed: 2581952913007819307

432 bande the Chopper (level 7, -1/44 HPs)
             Began as a Gargoyle Fighter on Apr 7, 2022.
             Slain by an iguana (11 damage)
             ... on level 4 of the Dungeon.
             The game lasted 00:04:31 (2916 turns).

bande the Chopper (Gargoyle Fighter)                Turns: 2916, Time: 00:04:31

Health: -1/44      AC: 18    Str: 20    XL:     7   Next: 0%
Magic:  7/7        EV:  9    Int:  8    God:
Gold:   79         SH:  5    Dex:  9    Spells: 6/6 levels left

rFire   + . .      SeeInvis .   a - +1 war axe
rCold   . . .      Faith    .   c - +1 buckler
rNeg    + . .      Spirit   .   d - +0 plate armour
rPois   ∞          Reflect  .   (no helmet)
rElec   +          Harm     .   (no cloak)
rCorr   .          Rampage  .   (no gloves)
Will    .....                   (no boots)
Stlth   ..........              (no amulet)
HPRegen 0.14/turn               l - +4 ring of evasion
MPRegen 0.10/turn               (no ring)

@: unable to read
A: sickness immunity, AC +4, negative energy resistance 1, electricity
resistance, torment resistance 1, petrification resistance, iridescent scales 1,
clumsy 1, fire resistance 1, inability to read while threatened
a: no special abilities


You were on level 4 of the Dungeon.
You visited 1 branch of the dungeon, and saw 4 of its levels.

You collected 79 gold pieces.

Inventory:

Hand Weapons
 a - a +1 war axe (weapon)
Armour
 c - a +1 buckler (worn)
 d - a +0 plate armour (worn)
Jewellery
 l - a +4 ring of evasion (left hand)
Scrolls
 i - 3 scrolls of enchant weapon
Potions
 e - a potion of ambrosia {unknown}
 f - a potion of heal wounds {unknown}
 g - a potion of berserk rage
 h - a potion of resistance


   Skills:
 + Level 4.5 Fighting
 + Level 5.0 Axes
 + Level 4.4 Armour
 + Level 4.3 Shields


You had 6 spell levels left.
You didn't know any spells.
Your spell library contained the following spells:

 Spells                   Type           Power      Damage    Failure   Level
 Cause Fear               Hex            0%         N/A       100%        4
 Summon Forest            Summ/Tloc      0%         N/A       100%        5
 Summon Mana Viper        Hex/Summ       0%         N/A       100%        5
 Summon Cactus Giant      Summ           0%         N/A       100%        6
 Dragon Form              Tmut           0%         N/A       100%        7
 Dragon's Call            Summ           0%         N/A       100%        9


Dungeon Overview and Level Annotations

Branches:
Dungeon (4/15)
 Temple: D:4-7

Altars:
Cheibriados

Shops:
D:1 (


Innate Abilities, Weirdness & Mutations

You are immune to sickness and miasma.
Your stone body is resilient. (AC +4)
You are immune to poison.
You resist negative energy. (rN+)
You are resistant to electric shocks. (rElec)
You are resistant to unholy torment.
You are immune to petrification.
You are partially covered in iridescent scales. (AC +2)
You are clumsy. (Dex -2)
Your flesh is heat resistant. (rF+)
You sometimes lose the ability to read scrolls when taking damage.


Message History

An iguana comes into view.
An iguana is nearby!
The iguana hisses angrily.
An endoplasm comes into view.
You now have 79 gold pieces (gained 18).
There are no items here.
No target in view!
You start resting.
An iguana is nearby!
The iguana closely misses you.
You closely miss the iguana. The iguana bites you!
You feel threatened and lose the ability to read scrolls!
You are too injured to fight recklessly!
You are too injured to fight recklessly!
You are too injured to fight recklessly!
You are too injured to fight recklessly!
You are too injured to fight recklessly!
You are too injured to fight recklessly!
You are too injured to fight recklessly!
You are too injured to fight recklessly!
You closely miss the iguana.
You can read scrolls again.
The iguana barely misses you.
You closely miss the iguana. The iguana barely misses you.
You closely miss the iguana. The iguana bites you!
You feel threatened and lose the ability to read scrolls!
* * * LOW HITPOINT WARNING * * *
The iguana barely misses you.
You closely miss the iguana.
The iguana bites you but does no damage.
You barely miss the iguana.
You can read scrolls again.
The iguana bites you.
* * * LOW HITPOINT WARNING * * *
You closely miss the iguana.
The iguana bites you but does no damage.
You barely miss the iguana. You block the iguana's attack.
The iguana bites you!
You feel threatened and lose the ability to read scrolls!
You die...

#.# #<##.# #.##.####
#.##.##.. #.##.##.#
#.##.##.# #.##.##J# #
##.##.##l#####.#
....####......@.......#
#.........###.###.###
#..###..†## #.# #
##.......# #..#
######### #..# ### #..#
#.. #..# #.# #..# #.#


You could see an iguana and an endoplasm.

Vanquished Creatures
  Menkaure (D:4)
  2 scorpions
  A hound (D:4)
  Terence (D:2)
  5 adders
  3 gnolls (D:3)
  3 worms (D:2)
  A dart slug (D:2)
  6 orcs
  5 bats
  2 endoplasms (D:1)
  5 giant cockroaches
  2 goblins
  4 hobgoblins
  2 jackals (D:3)
  3 kobolds
  3 quokkas
  7 ball pythons
  3 frilled lizards
  3 rats
62 creatures vanquished.

Vanquished Creatures (others)
  A fungus (D:2)
1 creature vanquished.

Grand Total: 63 creatures vanquished

Notes
Turn   | Place    | Note
-------+----------+-------------------------------------------
     0 | D:1      | bande the Gargoyle Fighter began the quest for the Orb.
     0 | D:1      | Reached XP level 1. HP: 14/14 MP: 1/1
   189 | D:1      | Reached XP level 2. HP: 15/19 MP: 2/2
   450 | D:1      | Reached skill level 2 in Axes
   726 | D:1      | Found Erobunto's Weapon Shop.
  1090 | D:2      | Reached XP level 3. HP: 18/24 MP: 3/3
  1205 | D:2      | Noticed Terence
  1221 | D:2      | Killed Terence
  1661 | D:2      | Found a faded altar of an unknown god.
  1673 | D:2      | Reached XP level 4. HP: 25/29 MP: 4/4
  1913 | D:2      | Found a snail-covered altar of Cheibriados.
  1921 | D:2      | Reached skill level 3 in Axes
  2214 | D:3      | Gained mutation: Your flesh is heat resistant. (rF+)
                  | [potion of mutation]
  2214 | D:3      | Gained mutation: You sometimes lose the ability to read
                  | scrolls when taking damage. [potion of mutation]
  2214 | D:3      | Gained mutation: You are clumsy. (Dex -2) [potion of
                  | mutation]
  2214 | D:3      | Gained mutation: You are partially covered in iridescent
                  | scales. (AC +2) [potion of mutation]
  2351 | D:3      | Reached XP level 5. HP: 21/33 MP: 5/5
  2723 | D:4      | Reached skill level 4 in Axes
  2723 | D:4      | Reached XP level 6. HP: 38/38 MP: 6/6
  2836 | D:4      | Noticed Menkaure
  2847 | D:4      | Killed Menkaure
  2848 | D:4      | Reached skill level 5 in Axes
  2850 | D:4      | Reached XP level 7. HP: 18/44 MP: 7/7
  2916 | D:4      | Slain by an iguana

Illustrated notes

Levels and vault maps discovered:
D:1:      dpeg_arrival_windows_large_door, layout_basic, serial_shops,
          shop_fountains, grunt_decor_one_mirror
D:2:      layout_loops_ring, shapermc_ecumenical_altar_mp_urbaneastern,
          basic_altar, bh_walls_and_bars, uniq_terence
D:3:      layout_rooms
D:4:      layout_loops_ring, uniq_menkaure, uniq_eustachio, uniq_duvessa

Skill      XL: |  1  2  3  4  5  6 |
---------------+-------------------+-----
Axes           | 2 3 4 5 |  5.0
Fighting       | 4 |  4.5
Armour         | 4 |  4.4
Shields        | 4 |  4.3

Action                   |  1- 3 |  4- 6 |  7- 9 || total
-------------------------+-------+-------+-------++-------
Melee: War axe           |    61 |   119 |     8 ||   188
  Use: Scroll            |     8 |     5 |       ||    13
       Potion            |     1 |     2 |       ||     3
Armor: Scale mail        |    12 |       |       ||    12
       Chain mail        |     6 |     9 |       ||    15
       Plate armour      |       |    77 |     2 ||    79
Dodge: Dodged            |    35 |    56 |     4 ||    95
Block: Buckler           |    12 |    29 |     1 ||    42

Table legend: (Time is in decaauts)
 A = Elapsed time spent in this place.
 B = Non-inter-level travel time spent in this place.
 C = Inter-level travel time spent in this place.
 D = Time resting spent in this place.
 E = Time spent auto-exploring this place.
 F = Levels seen in this place.
 G = Mean time per level.
                   A        B        C        D        E       F      G
               +--------+--------+--------+--------+--------+-----+--------+
         Total |   2987 |   2917 |     70 |    259 |   2114 |   4 |  746.8 |
       Dungeon |   2987 |   2917 |     70 |    259 |   2114 |   4 |  746.8 |
               +--------+--------+--------+--------+--------+-----+--------+

Top non-repeatable levels by time:
     D:2: 1154 daAuts
     D:1: 1070 daAuts
     D:3: 545 daAuts
     D:4: 216 daAuts
